[Event "Late-Titled-Tuesday-Blitz-November-28-2023"]
[Site "Chess.com"]
[Date "2023.11.28"]
[Round "4"]
[White "MeisterJabo"]
[Black "The_Straightforward_Rook"]
[Result "0-1"]
[WhiteElo "2255"]
[BlackElo "2466"]
[TimeControl "180+1"]
[EndTime "14:36:52 PST"]
[Termination "The_Straightforward_Rook won by resignation"]

1. c4 e5 2. g3 Nf6 3. Bg2 c6 4. d4 e4 5. d5 Bb4+ 6. Bd2 Qe7 7.
Nc3 O-O 8. Nh3 cxd5 9. cxd5 d6 10. O-O Bf5 11. Nxe4 Bxe4 12. f3 Bxd2 13. Qxd2 Bxd5 14.
e4 Bc6 15. Rad1 d5 16. e5 Qxe5 17. Rfe1 Qc7 18. g4 Na6 19. Nf4 Rfe8 20. g5 Nd7 21. Nxd5 Bxd5 22. Qxd5 Qc5+ 23. Qxc5 Ndxc5 24. Rxe8+ Rxe8 25. f4 Kf8 26. a3 b6 27. b4 Ne6 28. Rd7 Nxf4 29. Bf1 Nb8 30. Rxa7 Ne6 31. h4 Rd8 32. Rb7 Nd7 33. Bb5 Ne5 34. Rxb6 Nf3+ 35. Kf2 Nxh4 36.
Bc4 Nxg5 37. a4 Ne4+ 38. Ke3 Nd6 39. Bb3 Nhf5+ 40. Kf4 Re8 41. a5 Re4+ 42. Kf3 Re3+ 43. Kf2 Rxb3 44. a6 Ra3 45. b5 Ra5 46. Rb8+ Ke7 47. Kf3 Nxb5 48. Rb7+ Kf6 49. a7 Nxa7 50. Rb6+ Kg5 51. Kg2 Nb5 52. Rb7 Nbd6 53. Rb2 Ra3 54. Rf2 h5 0-1

[Event "Late-Titled-Tuesday-Blitz-November-28-2023"]
[Site "Chess.com"]
[Date "2023.11.28"]
[Round "4"]
[White "zouchen6"]
[Black "ThePeacefulPanda"]
[Result "0-1"]
[WhiteElo "2669"]
[BlackElo "2552"]
[TimeControl "180+1"]
[EndTime "14:36:53 PST"]
[Termination "ThePeacefulPanda won by resignation"]

1. Nf3 Nf6 2. c4 c5 3. Nc3 g6 4. e3 Bg7 5. d4 cxd4 6. exd4 d5 7. cxd5 Nxd5 8. h3 O-O 9. Bc4 Nxc3 10. bxc3 Qc7 11.
Qb3 Nc6 12. Be2 Na5 13. Qb4 Be6 14. Bg5 Bc4 15. Bxc4 Nxc4 16. O-O e6 17. a4 Rfc8 18. Rfc1 b6 19. Qb3 Na5 20. Qd1 Qc4 21. Rab1 Qc6 22.
Nd2 Nc4 23. Nxc4 Qxc4 24. Rb4 Qc6 25. Be3 Bf8 26. Rb5 a6 27. d5 exd5 28. Rxb6 Qd7 29. c4 Bc5 30. Rb3 Qxa4 31. Ra1 Qd7 32. cxd5 Bxe3 33.
Rxe3 a5 34. d6 Rd8 35. Re7 Qf5 36. d7 Qf6 37. Re1 Qc6 38. Re8+ Rxe8 39. dxe8=Q+ Qxe8 40. Qd5 a4 41. Qa2 a3 42. Qb2 axb2 0-1

[Event "Late-Titled-Tuesday-Blitz-November-28-2023"]
[Site "Chess.com"]
[Date "2023.11.28"]
[Round "4"]
[White "koncheto"]
[Black "KNVB"]
[Result "1-0"]
[WhiteElo "2529"]
[BlackElo "2677"]
[TimeControl "180+1"]
[EndTime "14:36:53 PST"]
[Termination "koncheto won on time"]

1. e4 c6 2. d4 d6 3. Bd3 e5 4.
c3 Nf6 5. f4 Qc7 6. Nf3 Nbd7 7.
O-O Be7 8. Be3 Ng4 9. Qe2 Nxe3 10. Qxe3 O-O 11. Nbd2 b5 12. a4 Rb8 13. axb5 cxb5 14. d5 exf4 15. Qxa7 Qxa7+ 16. Rxa7 Bd8 17. Kh1 Bb6 18.
Raa1 Be3 19. Ra5 b4 20. Nc4 Bc5 21. Nd4 bxc3 22. bxc3 g5 23. Rb1 Rxb1+ 24. Bxb1 Nb6 25. Nxb6 Bxb6 26. Rb5 Bc5 27. Nc6 Bd7 28. Rb7 Bg4 29. h3 Be2 30. e5 dxe5 31. Nxe5 Re8 32. Nxf7 f3 33. Nh6+ 1-0

[Event "Late-Titled-Tuesday-Blitz-November-28-2023"]
[Site "Chess.com"]
[Date "2023.11.28"]
[Round "4"]
[White "DraningWaterHi"]
[Black "vladoboch"]
[Result "1-0"]
[WhiteElo "2179"]
[BlackElo "2415"]
[TimeControl "180+1"]
[EndTime "14:36:53 PST"]
[Termination "DraningWaterHi won by resignation"]

1. d4 Nf6 2. c4 g6 3. g3 Bg7 4. Bg2 O-O 5. Nc3 d6 6. Nf3 Bf5 7. O-O Nc6 8. Nh4 Bd7 9. Nf3 a6 10. e4 e5 11. d5 Na5 12. b3 b5 13. Nd2 b4 14. Ne2 Nb7 15. Qc2 a5 16. Rb1 Nc5 17. f4 Ng4 18. Nf3 Nxe4 19. h3 Ngf6 20. fxe5 dxe5 21.
Nxe5 Bf5 22. g4 Re8 23. gxf5 Rxe5 24. Bf4 Re8 25. fxg6 hxg6 26. Rbe1 Qe7 27. Ng3 Qc5+ 28. Be3 Qe7 29. Bd4 Nh5 30. Nxh5 Bxd4+ 31. Kh1 Nf2+ 32. Qxf2 Bxf2 33. Rxe7 Rxe7 34. Nf6+ Kg7 35. Rxf2 a4 36. d6 cxd6 37. Bxa8 axb3 38. axb3 Ra7 39. Bd5 Ra3 40.
Ne8+ Kf8 41. Nxd6 Rxb3 42. Rxf7+ Kg8 43. Rf3+ 1-0

[Event "Late-Titled-Tuesday-Blitz-November-28-2023"]
[Site "Chess.com"]
[Date "2023.11.28"]
[Round "4"]
[White "Chessbard1972"]
[Black "SEBAZZANO"]
[Result "0-1"]
[WhiteElo "2386"]
[BlackElo "2267"]
[TimeControl "180+1"]
[EndTime "14:36:53 PST"]
[Termination "SEBAZZANO won by resignation"]

1. d4 Nf6 2. c4 c5 3. d5 e6 4.
Nc3 exd5 5. cxd5 d6 6. Nf3 g6 7. Nd2 Bg7 8. Nc4 O-O 9. Bf4 Ne8 10. e3 a6 11. a4 Nd7 12. h3 Nb6 13. Na3 Nd7 14. Be2 Ne5 15. O-O Qe7 16. Bg3 f5 17. f4 Nf7 18. Nc4 Bd7 19. a5 Bb5 20. Qd2 Nf6 21.
Nb6 Rae8 22. Bf2 Bxe2 23. Qxe2 Ne4 24. Nxe4 Qxe4 25. Nd7 Qxd5 26. Nxf8 Kxf8 27. Rfd1 Qb3 28. Rd2 Qb4 29. Ra3 Bxb2 30. Ra2 Bc3 31. Rdc2 Bf6 32. g4 fxg4 33. Kh2 gxh3 34. Rc4 Qb1 35. Rd2 Qf5 36. Qf3 Ne5 37. Qxb7 Nxc4 38. Rd5 Qe4 39. Kxh3 Nxe3 40.
Rxd6 Qxb7 41. Rxf6+ Kg7 42. Bxe3 Qd7+ 43. Kg2 Kxf6 44.
Bxc5 Qd5+ 0-1

[Event "Late-Titled-Tuesday-Blitz-November-28-2023"]
[Site "Chess.com"]
[Date "2023.11.28"]
[Round "4"]
[White "falzehope0"]
[Black "Elbebiber"]
[Result "1-0"]
[WhiteElo "2363"]
[BlackElo "2133"]
[TimeControl "180+1"]
[EndTime "14:36:53 PST"]
[Termination "falzehope0 won on time"]

1. d4 Nf6 2. e3 e6 3. Bd3 c5 4. c3 Nc6 5. f4 d5 6. Nf3 cxd4 7.
exd4 Ne4 8. O-O Be7 9. Nbd2 f5 10. Ne5 Nxe5 11. fxe5 O-O 12. Qe2 Bd7 13. g4 g6 14.
gxf5 exf5 15. Nf3 Be6 16. Bh6 Rf7 17. Kh1 Bf8 18. Bxf8 Kxf8 19. Rg1 a6 20. Rg2 Ke8 21. Rag1 Kd7 22. Ng5 Nxg5 23. Rxg5 Qe7 24. Qc2 b5 25. a4 b4 26. c4 dxc4 27. Bxc4 Rc8 28. b3 Bd5+ 29.
R5g2 Bxg2+ 30. Qxg2 Rff8 31. Qb7+ Kd8 32. Qxa6 Qc7 33. d5 Qxe5 34. Qb6+ Rc7 35. Qb8+ Ke7 36. Qxb4+ Qd6 37. Re1+ Kd7 38. Bb5+ 1-0

[Event "Late-Titled-Tuesday-Blitz-November-28-2023"]
[Site "Chess.com"]
[Date "2023.11.28"]
[Round "4"]
[White "FM_Kappeler"]
[Black "SmirnovTimofey2000"]
[Result "1-0"]
[WhiteElo "2310"]
[BlackElo "2062"]
[TimeControl "180+1"]
[EndTime "14:36:53 PST"]
[Termination "FM_Kappeler won by checkmate"]

1. d4 d5 2. c4 c6 3. Nf3 Nf6 4.
e3 Bf5 5. Nc3 e6 6. Nh4 Bg6 7.
Nxg6 hxg6 8. g3 Nbd7 9. Bg2 Be7 10. O-O a5 11. b3 O-O 12. Bb2 Re8 13. Rc1 e5 14. cxd5 exd4 15. exd4 cxd5 16. Nxd5 Nxd5 17. Bxd5 Qb6 18. Qf3 Nf6 19. Bxb7 Rab8 20. Bc6 Red8 21. d5 Bd6 22. Bxf6 gxf6 23. Qxf6 Ba3 24. Rc4 Rxd5 25. Rh4 Rh5 26. Rxh5 gxh5 27. Re1 Bb4 28. Re5 Bd2 29.
Rxh5 Rc8 30. Rh8# 1-0

[Event "Late-Titled-Tuesday-Blitz-November-28-2023"]
[Site "Chess.com"]
[Date "2023.11.28"]
[Round "4"]
[White "Korchmar_Vasiliy"]
[Black "SanchezKelvin"]
[Result "1-0"]
[WhiteElo "2729"]
[BlackElo "2523"]
[TimeControl "180+1"]
[EndTime "14:36:57 PST"]
[Termination "Korchmar_Vasiliy won on time"]

1. e4 c5 2. d4 cxd4 3. Qxd4 Nc6 4. Qd3 g6 5. Nc3 Bg7 6. Nf3 d6 7. Be2 Nf6 8. O-O O-O 9. Nd5 Bg4 10. c3 Bxf3 11. Qxf3 Rc8 12. Bg5 Nd7 13. Qe3 Re8 14. Rad1 Qa5 15. a3 Qc5 16. Qd2 Qa5 17. h4 Nb6 18. h5 Nxd5 19. exd5 Ne5 20. h6 Bh8 21.
Rfe1 e6 22. f4 Nc4 23. Bxc4 Qc5+ 24. Kh1 Qxc4 25. dxe6 f6 26. Bh4 Rc6 27. Qd5 Qxd5 28. Rxd5 Kf8 29. g4 Ke7 30. f5 gxf5 31. gxf5 Rg8 32. Rg1 Rxg1+ 33. Kxg1 Rc4 34. Rd4 Rc5 35. Rf4 Re5 36. Kf1 d5 37. Bf2 b6 38. Bd4 Kd6 39.
a4 Re4 40. Rxe4 dxe4 41. Ke2 1-0

[Event "Late-Titled-Tuesday-Blitz-November-28-2023"]
[Site "Chess.com"]
[Date "2023.11.28"]
[Round "4"]
[White "Abduzhaparov"]
[Black "Koksal06"]
[Result "0-1"]
[WhiteElo "2403"]
[BlackElo "2629"]
[TimeControl "180+1"]
[EndTime "14:36:57 PST"]
[Termination "Koksal06 won by checkmate"]

1. Nf3 d5 2. c4 d4 3. e3 Nc6 4. b4 dxe3 5. fxe3 Nxb4 6. d4 e6 7.
Nc3 Nf6 8. Ba3 c5 9. Bb2 Be7 10. a3 Nc6 11. d5 Na5 12. e4 exd5 13. cxd5 O-O 14. e5 Ng4 15. d6 Bg5 16. Ne4 Bf4 17.
g3 Bh6 18. Bb5 Ne3 19. Qe2 Bf5 20. Nfd2 Nc2+ 21. Kf2 Nxa1 22. Bxa1 c4 23. Kg2 a6 24. Bxc4 Nxc4 25. Nxc4 Rc8 26. Rf1 Be6 27. Ne3 Bxe3 28. Qxe3 Rc2+ 29. Kg1 Qc8 30. Qg5 Qc6 31. Re1 Rc8 32.
Nf6+ Kh8 33. Qh4 h6 34. Ng4 Qg2# 0-1

[Event "Late-Titled-Tuesday-Blitz-November-28-2023"]
[Site "Chess.com"]
[Date "2023.11.28"]
[Round "4"]
[White "MetiForce"]
[Black "Statham_l3"]
[Result "0-1"]
[WhiteElo "2903"]
[BlackElo "2570"]
[TimeControl "180+1"]
[EndTime "14:36:58 PST"]
[Termination "Statham_l3 won by checkmate"]

1. c4 e5 2. Nc3 Nf6 3. Nf3 e4 4. Ng5 c6 5. Qa4 b5 6. cxb5 d5 7. d3 h6 8. Nh3 cxb5 9. Qxb5+ Bd7 10. Qb3 Nc6 11. e3 Rb8 12. Qd1 Bxh3 13. gxh3 Bb4 14. Bd2 O-O 15. d4 Nh7 16. Qh5 Bxc3 17. Bxc3 Nb4 18.
Kd2 Qf6 19. Be2 Ng5 20. h4 Nf3+ 21. Bxf3 exf3 22. Rhg1 Qa6 23. Rxg7+ Kxg7 24. Rg1+ Kh8 25. Bxb4 Qe2+ 26. Kc1 Rfc8+ 27. Bc3 Qxb2+ 28. Kd1 Qe2+ 29. Kc1 Rxc3# 0-1

[Event "Late-Titled-Tuesday-Blitz-November-28-2023"]
[Site "Chess.com"]
[Date "2023.11.28"]
[Round "4"]
[White "Jaka_Brilej"]
[Black "Matthew_Clarke"]
[Result "1-0"]
[WhiteElo "2465"]
[BlackElo "2255"]
[TimeControl "180+1"]
[EndTime "14:36:58 PST"]
[Termination "Jaka_Brilej won by resignation"]

1. d4 Nf6 2. Nc3 d5 3. Bg5 e6 4. e4 dxe4 5. Nxe4 Be7 6. Bxf6 gxf6 7. Nf3 f5 8. Nc3 Bf6 9. Qd2 c5 10. Bb5+ Bd7 11. dxc5 Bxb5 12. Qxd8+ Kxd8 13. Nxb5 Na6 14. O-O-O+ Ke7 15. Rhe1 Nxc5 16. Nd6 Kf8 17. Ne5 Rg8 18. g3 Bxe5 19. Rxe5 b6 20. b4 Nd7 21. Re3 Nf6 22.
c4 Ke7 23. Nxf5+ Kf8 24. Nd6 Ke7 25. h3 a5 26. b5 Rg5 27. Kb2 Rc5 28. g4 Kf8 29. f4 Re8 1-0

[Event "Late-Titled-Tuesday-Blitz-November-28-2023"]
[Site "Chess.com"]
[Date "2023.11.28"]
[Round "4"]
[White "kleber2007"]
[Black "1800_strength"]
[Result "0-1"]
[WhiteElo "2388"]
[BlackElo "2790"]
[TimeControl "180+1"]
[EndTime "14:37:03 PST"]
[Termination "1800_strength won on time"]

1. Nf3 g5 2. Nxg5 e5 3. d4 h6 4. Nxf7 Kxf7 5. e4 Qh4 6. Bc4+ Ke8 7. Nc3 Nc6 8. g3 Qf6 9. Nd5 Qg6 10. O-O Bd6 11. f4 Nxd4 12. Be3 c6 13. Bxd4 cxd5 14. fxe5 dxc4 15. exd6 Rh7 16. Rf4 Rf7 17. Qf1 b6 18.
Qf3 h5 19. Rf1 Nh6 20. e5 Rb8 21. e6 dxe6 22. Qc6+ Bd7 23. Qc7 Rc8 24. Qxa7 Rxf4 25. Rxf4 Nf5 26. Be5 c3 27. bxc3 h4 28. g4 h3 29.
Qxb6 Nh4 30. Qf2 Nf5 31. Kf1 Bb5+ 32. Ke1 Nh6 0-1

[Event "Late-Titled-Tuesday-Blitz-November-28-2023"]
[Site "Chess.com"]
[Date "2023.11.28"]
[Round "4"]
[White "NikolasTheiss"]
[Black "AEMEffi"]
[Result "1-0"]
[WhiteElo "2566"]
[BlackElo "2350"]
[TimeControl "180+1"]
[EndTime "14:37:03 PST"]
[Termination "NikolasTheiss won by resignation"]

1. e4 e5 2. Nf3 Nc6 3. d4 exd4 4. Bc4 Bc5 5. c3 Nge7 6. cxd4 Bb4+ 7. Bd2 Bxd2+ 8.
Nbxd2 d5 9. exd5 Nxd5 10. O-O O-O 11. h3 Be6 12. Nb3 b6 13. Rc1 Qd6 14. Bb5 Nce7 15. Ne5 a6 16. Bd3 Bf5 17. Bxf5 Nxf5 18. Rc6 Qd8 19. Qg4 Nfe7 20. Rc2 Qd6 21. a3 f6 22. Nd3 f5 23. Qf3 f4 24. Re1 Nf5 25.
Re5 Nfe7 26. Nd2 c6 27. Qe4 Rae8 28. Re6 Qd7 29. a4 Ng6 30. Rcxc6 f3 31. Nxf3 Rxe6 32.
Qxe6+ Qxe6 33. Rxe6 Ngf4 34. Nxf4 Nxf4 35. Rxb6 Rc8 36.
Rxa6 Rc1+ 37. Kh2 Rc2 38. Ne5 h5 39. b4 Rxf2 40. Kg3 g5 41. Kxf2 1-0

[Event "Late-Titled-Tuesday-Blitz-November-28-2023"]
[Site "Chess.com"]
[Date "2023.11.28"]
[Round "4"]
[White "MNyuyu"]
[Black "TheMagician"]
[Result "1-0"]
[WhiteElo "2479"]
[BlackElo "2296"]
[TimeControl "180+1"]
[EndTime "14:37:03 PST"]
[Termination "MNyuyu won on time"]

1. d4 Nf6 2. c4 g6 3. Nc3 Bg7 4. e4 d6 5. h3 O-O 6. Be3 Nc6 7. Nf3 e5 8. Qd2 exd4 9. Nxd4 Bd7 10. Be2 Re8 11. f3 Nxd4 12. Bxd4 Nh5 13. O-O Be6 14. Rfd1 a6 15. Bf1 Qh4 16. Bxg7 Kxg7 17. Nd5 Bxd5 18. cxd5 Re7 19. Rac1 Rae8 20. Rc4 Rd7 21.
Rdc1 Qd8 22. Qc3+ Kg8 23. Rxc7 Rxc7 24. Qxc7 Qg5 25. Rc3 Qd2 26. Qb6 f5 27. Qe3 Qxb2 28.
Rb3 Qe5 29. Rxb7 Qxd5 30. Qa7 fxe4 31. Qxa6 Qc5+ 32. Kh1 exf3 33. Qc4+ Qxc4 34. Bxc4+ Kh8 35. gxf3 Nf4 36. Kh2 d5 37. Bb3 g5 38. Kg3 Re2 39.
Kg4 Rg2+ 40. Kf5 h5 41. Bxd5 1-0

[Event "Late-Titled-Tuesday-Blitz-November-28-2023"]
[Site "Chess.com"]
[Date "2023.11.28"]
[Round "4"]
[White "qeeqer"]
[Black "Zhigalko_Sergei"]
[Result "1-0"]
[WhiteElo "2596"]
[BlackElo "2896"]
[TimeControl "180+1"]
[EndTime "14:37:04 PST"]
[Termination "qeeqer won on time"]

1. b3 e5 2. Bb2 d6 3. e3 Nf6 4. d4 exd4 5. Qxd4 Nc6 6. Qd1 g6 7. Nf3 Bg7 8. c4 O-O 9. Be2 Bf5 10. O-O Re8 11. Nd4 Nxd4 12. Bxd4 Ne4 13. Bxg7 Kxg7 14. Qd4+ Kg8 15. Bf3 Qg5 16. Nc3 c5 17. Nxe4 Bxe4 18. Qd1 Rad8 19. Bxe4 Rxe4 20. Qf3 d5 21. Rfd1 Re5 22.
cxd5 Rexd5 23. Rxd5 Qxd5 24. Qxd5 Rxd5 25. Rc1 Rd2 26. a4 b6 27. g4 Kf8 28. Rc3 Ke7 29. Kg2 Kd6 30. Kf3 Kd5 31. h4 1-0

[Event "Late-Titled-Tuesday-Blitz-November-28-2023"]
[Site "Chess.com"]
[Date "2023.11.28"]
[Round "4"]
[White "Dr_crypt"]
[Black "laziestwin"]
[Result "1-0"]
[WhiteElo "2385"]
[BlackElo "2595"]
[TimeControl "180+1"]
[EndTime "14:37:04 PST"]
[Termination "Dr_crypt won on time"]

1. d4 Nf6 2. Nf3 d5 3. Nbd2 g6 4. c4 c5 5. dxc5 d4 6. Nb3 Nc6 7. e3 dxe3 8. Qxd8+ Nxd8 9. Bxe3 Bg7 10. h3 O-O 11.
O-O-O Nc6 12. Be2 Bf5 13. Nfd4 Bd7 14. Bf3 Rac8 15. Nxc6 Bxc6 16. Bxc6 Rxc6 17. Na5 Rc7 18. b4 Ne4 19. a3 f5 20. Kc2 f4 21. Bd4 e5 22. Rhe1 exd4 23. Rxe4 f3 24. g3 Rd8 25.
Kd3 h5 26. Rde1 g5 27. Re7 Rdd7 28. Rxd7 Rxd7 29. c6 bxc6 30. Nxc6 g4 31. hxg4 hxg4 32. Re4 Rc7 33. b5 Bf8 34. a4 Rg7 35. Ne5 Rh7 36. Rxg4+ Kh8 37. Ng6+ Kg7 38. Nxf8+ Kxf8 39. Rxd4 Ke7 40. Rf4 Rh1 41. Rxf3 Ra1 42. Kd4 Rxa4 43. Kd5 Ra1 44. c5 1-0

[Event "Late-Titled-Tuesday-Blitz-November-28-2023"]
[Site "Chess.com"]
[Date "2023.11.28"]
[Round "4"]
[White "TanitoluwaAps116"]
[Black "Fortitudine"]
[Result "1-0"]
[WhiteElo "2690"]
[BlackElo "2372"]
[TimeControl "180+1"]
[EndTime "14:37:06 PST"]
[Termination "TanitoluwaAps116 won on time"]

1. e4 c5 2. Nf3 d6 3. Bb5+ Nd7 4. c3 a6 5. Bd3 g6 6. Bc2 Bg7 7. d4 cxd4 8. cxd4 e6 9. Nc3 Ne7 10. O-O O-O 11. Bf4 e5 12. Bg5 exd4 13. Nd5 f6 14.
Bf4 Ne5 15. Nxe7+ Qxe7 16. Nxd4 Bd7 17. Bb3+ Kh8 18. Bd5 Rab8 19. Re1 Rfc8 20. Qb3 Bc6 21. Ne6 Bd7 22. Rad1 Re8 23. Nxg7 Kxg7 24. Bg3 Red8 25. f4 Nf7 26. e5 dxe5 27. Bxf7 Qxf7 28. fxe5 Qxb3 29.
axb3 Bg4 30. exf6+ Kxf6 31. Be5+ Kg5 32. h4+ Kh5 33. Rc1 Rbc8 34. Bc7 Re8 35. Rc5+ Bf5 36. Rec1 Re7 37. R1c4 Re1+ 38. Kf2 Re4 39. Rxe4 1-0

[Event "Late-Titled-Tuesday-Blitz-November-28-2023"]
[Site "Chess.com"]
[Date "2023.11.28"]
[Round "4"]
[White "RodokininEV"]
[Black "Sacbutt"]
[Result "1-0"]
[WhiteElo "2582"]
[BlackElo "2353"]
[TimeControl "180+1"]
[EndTime "14:37:08 PST"]
[Termination "RodokininEV won on time"]

1. e4 c5 2. Nf3 d6 3. Bb5+ Bd7 4.
a4 Nf6 5. O-O Bxb5 6. axb5 Nxe4 7. Re1 Nf6 8. d4 b6 9. c4 g6 10.
Nc3 Bg7 11. Bg5 O-O 12. Qd2 Nbd7 13. d5 Re8 14. Bh6 Bxh6 15. Qxh6 e5 16. Ng5 Nf8 17. f4 exf4 18. Nf3 Nh5 19. Ne4 Qc7 20. Neg5 Ng7 21.
Nh3 Nf5 22. Qxf4 Kg7 23. g4 Ne7 24. Nfg5 Ng8 25. Nf2 h6 26. Nf3 Qd7 27. h3 Rxe1+ 28. Rxe1 Rd8 29. Nd3 g5 30. Qd2 Ng6 31. Qc3+ Kh7 32.
Nf2 Re8 33. Ne4 Nf4 34. Kh2 Kg6 35. Qc2 Kg7 36. Qc3+ Kg6 37. Kg3 Qe7 38. h4 f6 39.
h5+ Kg7 40. Kf2 Qd7 41. Ng3 Rxe1 42. Qxe1 Qxg4 43. Qe4 Nh3+ 44. Kg2 Qxe4 45. Nxe4 Nf4+ 46. Kf2 Nxh5 47. Nxd6 Nf4 48. Nc8 h5 49. Nxa7 g4 50. Nh4 Ng6 51. Nf5+ Kf7 52. Nc8 1-0

[Event "Late-Titled-Tuesday-Blitz-November-28-2023"]
[Site "Chess.com"]
[Date "2023.11.28"]
[Round "4"]
[White "Ali_rastbod"]
[Black "rasmussvane"]
[Result "0-1"]
[WhiteElo "2783"]
[BlackElo "2979"]
[TimeControl "180+1"]
[EndTime "14:37:09 PST"]
[Termination "rasmussvane won on time"]

1. c4 e6 2. g3 d5 3. Bg2 a6 4. Qc2 Nf6 5. Nf3 c5 6. O-O Nc6 7. cxd5 exd5 8. d4 cxd4 9. Rd1 Qb6 10. Nbd2 Bg4 11. Nb3 Bxf3 12. exf3 Be7 13. Qd3 O-O 14. Nxd4 Nxd4 15. Qxd4 Bc5 16. Qd2 Rfe8 17. b3 Re6 18. Bb2 Rae8 19. Bf1 h6 20. Bd4 Bxd4 21. Qxd4 Qxd4 22.
Rxd4 Rc6 23. Rd2 g5 24. Bd3 Kf8 25. Kg2 Rc3 26. Rb1 Rec8 27. b4 Rc1 28. Rxc1 Rxc1 29. b5 a5 30. b6 Ke7 31. Rb2 Kd6 32. Rb5 Rc5 33. Rb2 Nd7 34. a4 Ne5 35. Bb5 Rc3 36. Ba6 Kc6 37. f4 gxf4 38. gxf4 Ng6 39. Bb5+ Kxb6 40.
Bd3+ Kc6 41. Bf5 Nxf4+ 0-1

[Event "Late-Titled-Tuesday-Blitz-November-28-2023"]
[Site "Chess.com"]
[Date "2023.11.28"]
[Round "4"]
[White "tolimachess"]
[Black "wannabe2700"]
[Result "0-1"]
[WhiteElo "2390"]
[BlackElo "2627"]
[TimeControl "180+1"]
[EndTime "14:37:09 PST"]
[Termination "wannabe2700 won by checkmate"]

1. e4 d5 2. exd5 Qxd5 3. Nc3 Qa5 4. Bc4 Nf6 5. Nf3 Bf5 6. O-O e6 7. d4 Bb4 8. Nb5 a6 9. c3 axb5 10. cxb4 Qxb4 11. Be2 c6 12. a3 Qd6 13. Bg5 Nbd7 14.
Qb3 O-O 15. Rad1 Qd5 16. Qc3 Ne4 17. Qc1 Nxg5 18. Qxg5 Bc2 19. Qxd5 exd5 20. Rd2 Bb3 21. Bd3 Rfe8 22. Rc1 Nb6 23. Ne5 f6 24. Nf3 Bc4 25. Bf5 g6 26. Bb1 b4 27. axb4 Ra4 28. Bc2 Rxb4 29. b3 Bxb3 30. Rb1 Nc4 31. Bxb3 Nxd2 32. Nxd2 Rxd4 33. Nf3 Rd3 34. Bc2 Rc3 35. Rb2 b5 36. Kf1 c5 37. h4 b4 38. h5 Kg7 39.
hxg6 hxg6 40. Nh4 f5 41. Nf3 d4 42. Nd2 d3 43. Ra2 Rxc2 44. Ra7+ Kf6 45. g4 Rxd2 46.
g5+ Kxg5 47. Re7 Rxe7 48. f4+ Kxf4 49. Kg1 Re1# 0-1

[Event "Late-Titled-Tuesday-Blitz-November-28-2023"]
[Site "Chess.com"]
[Date "2023.11.28"]
[Round "4"]
[White "Artem_Koval"]
[Black "Suspenser17"]
[Result "1-0"]
[WhiteElo "2514"]
[BlackElo "2335"]
[TimeControl "180+1"]
[EndTime "14:37:10 PST"]
[Termination "Artem_Koval won on time"]

1. e4 e5 2. d4 exd4 3. Bc4 Nc6 4. Nf3 Nf6 5. O-O Nxe4 6. Nc3 dxc3 7. Bxf7+ Kxf7 8.
Qd5+ Kf6 9. Qxe4 Be7 10. Qf4+ Kg6 11. h4 d6 12. h5+ Kxh5 13. Qf7+ g6 14. Nh2 Qf8 15. Qd5+ g5 16. Bxg5 Kg6 17. Bxe7 Nxe7 18. Qd3+ Qf5 19. Qxc3 Be6 20. Nf3 Qf6 21. Qxc7 Bd5 22.
Rfe1 Nf5 23. Nh2 Qg5 24. f3 Rae8 25. Qa5 Nh4 26. Ng4 Bxf3 27. Qxg5+ Kxg5 28. Ne3 Be4 29. Rad1 d5 30. c4 dxc4 31. Rd4 Bc6 32. Rg4+ Kh5 33. Rxc4 Re7 34. Rc5+ 1-0

[Event "Late-Titled-Tuesday-Blitz-November-28-2023"]
[Site "Chess.com"]
[Date "2023.11.28"]
[Round "4"]
[White "Aleksandar-Topalov"]
[Black "oskariot"]
[Result "1-0"]
[WhiteElo "2399"]
[BlackElo "2774"]
[TimeControl "180+1"]
[EndTime "14:37:13 PST"]
[Termination "Aleksandar-Topalov won by resignation"]

1. b3 Nf6 2. Bb2 g6 3. Bxf6 exf6 4. c4 d5 5. cxd5 Qxd5 6. e3 Bb4 7. a3 Qa5 8. Qc2 Bf5 9. Qb2 Be7 10. b4 Qb6 11. Nc3 a5 12. Nd5 Qd6 13. Nxe7 Qxe7 14. b5 Nd7 15. d4 c5 16. bxc6 bxc6 17. Nf3 Rb8 18. Qc3 O-O 19. Bc4 c5 20. O-O Be4 21.
Be2 Rfc8 22. Qxa5 Rb2 23. Rfe1 c4 24. Rac1 Nb6 25. Nd2 Ra8 26. Qc5 Qxc5 27. dxc5 Rxd2 28. cxb6 Bd3 29. Bxd3 cxd3 30. Red1 Rb2 31. Rb1 Ra2 32. Rxd3 Kf8 33. b7 Rb8 34. h3 Ke7 35. Rb6 Rc2 36. g4 Rc7 37. Rdb3 Rc5 38. a4 Kd7 39. Rxf6 Ke7 40.
Rfb6 Ra5 41. R3b4 Kd7 42. Kg2 h5 43. f4 hxg4 44. hxg4 Kc7 45. Kf3 Rxa4 46. Rxa4 Kxb6 47. Rb4+ Kc5 48. Rb1 f5 49. gxf5 gxf5 50. e4 fxe4+ 51. Kxe4 Kc6 52. f5 Kc7 53. f6 Re8+ 54. Kf5 Kb8 55. f7 1-0

[Event "Late-Titled-Tuesday-Blitz-November-28-2023"]
[Site "Chess.com"]
[Date "2023.11.28"]
[Round "4"]
[White "Mariia89"]
[Black "giomar27"]
[Result "0-1"]
[WhiteElo "2162"]
[BlackElo "2428"]
[TimeControl "180+1"]
[EndTime "14:37:14 PST"]
[Termination "giomar27 won by checkmate"]

1. d4 Nf6 2. Nf3 c5 3. d5 b5 4. c4 g6 5. cxb5 a6 6. bxa6 Bg7 7. Nc3 O-O 8. e4 Qa5 9. Bd3 Nxd5 10. exd5 Bxc3+ 11. bxc3 Qxc3+ 12. Qd2 Qxa1 13. O-O Bxa6 14. Bb2 Qxa2 15. Ra1 Qxd5 16. Qh6 f6 17. Ng5 Rf7 18.
Be4 Qxg5 19. Qxg5 fxg5 20. Bxa8 Rf4 21. Be5 Rb4 22. h4 d6 23. Bg3 gxh4 24. Bd5+ Kf8 25. Bh2 Bb7 26. Be6 Be4 27. Bf4 Rb1+ 28. Rxb1 Bxb1 29.
Bh6+ Ke8 30. Bg5 Bf5 31. Bc4 Nd7 32. Bxh4 Nb6 33. Bb5+ Bd7 34. Be2 d5 35. Bg5 e5 36.
f4 e4 37. Bf6 d4 38. g4 Kf7 39. Be5 Ke6 40. Bc7 Nd5 41. Bb8 d3 42. Bf1 c4 43.
f5+ gxf5 44. gxf5+ Kf7 45. Kf2 Bxf5 46. Ke1 c3 47.
Be5 d2+ 48. Kd1 Bg4+ 49. Kc2 d1=Q# 0-1

[Event "Late-Titled-Tuesday-Blitz-November-28-2023"]
[Site "Chess.com"]
[Date "2023.11.28"]
[Round "4"]
[White "Actuary44"]
[Black "DamianoLew95"]
[Result "0-1"]
[WhiteElo "2460"]
[BlackElo "2747"]
[TimeControl "180+1"]
[EndTime "14:37:16 PST"]
[Termination "DamianoLew95 won by checkmate"]

1. e4 c5 2. d4 cxd4 3. c3 dxc3 4. Nxc3 Nc6 5. f4 e6 6. Nf3 Bb4 7. Bd3 Nge7 8. O-O Bxc3 9. bxc3 d5 10. e5 Nf5 11. Qe1 h5 12. Bxf5 exf5 13. a4 O-O 14. Ba3 Re8 15. Rd1 Be6 16. Ng5 Qa5 17. g4 Qxa4 18. Ra1 Qc4 19. Qh4 f6 20. Nxe6 Rxe6 21. gxf5 Ree8 22. Qxh5 fxe5 23. f6 d4 24. fxe5 Qf7 25. Qxf7+ Kxf7 26. cxd4 Nxd4 27. Rad1 Rad8 28. Bd6 Nc6 29. fxg7+ Kxg7 30. Rd5 Re6 31. Rf3 Rde8 32. Rg3+ Rg6 33. Rxg6+ Kxg6 34. Kf2 Kf5 35. Rb5 b6 36. Rb2 Nxe5 37. Bxe5 Rxe5 38. Ra2 a5 39. Kg3 Rb5 40. Rc2 Rb3+ 41. Kh4 a4 42. Kh5 Rh3# 0-1

[Event "Late-Titled-Tuesday-Blitz-November-28-2023"]
[Site "Chess.com"]
[Date "2023.11.28"]
[Round "4"]
[White "mind1mover"]
[Black "Angry_Twin"]
[Result "0-1"]
[WhiteElo "2753"]
[BlackElo "2949"]
[TimeControl "180+1"]
[EndTime "14:37:17 PST"]
[Termination "Angry_Twin won on time"]

1. Nf3 d5 2. b3 Nf6 3. Bb2 g6 4. c4 c6 5. e3 Bg7 6. Be2 O-O 7. O-O Bg4 8. d3 Bxf3 9. Bxf3 Nbd7 10. Nd2 e6 11. g3 Qe7 12. Bg2 Rfe8 13. a3 a5 14. Qc2 Nh5 15. Bxg7 Nxg7 16. Qc3 Nf5 17. b4 Qf6 18. Qxf6 Nxf6 19. cxd5 exd5 20. Nb3 axb4 21. axb4 Nd6 22. Bh3 Kf8 23. Rfc1 Ke7 24. Nc5 Rxa1 25. Rxa1 Kd8 26. Nb3 Nb5 27. Kf1 Kc7 28.
Ke1 Nd7 29. Bxd7 Kxd7 30. Kd2 Kc7 31. Nc5 Nd6 32. Nb3 h5 33. Nd4 h4 34. g4 Kb6 35.
Ra5 g5 36. h3 f6 37. Kc3 Rf8 38. Kd2 Rf7 39. Ra1 Rf8 40. Ne6 Re8 41. Nd4 Nf7 42.
Nf5 Ne5 43. Ke2 Kc7 44. Nd4 Ng6 45. Kd2 Ne5 46. Ke2 Nf7 47. Nf5 Ne5 48. Kd2 Kb6 49. Nd4 Nf7 50. Nf5 Kb5 0-1